AoeStats
← Infadel

Arabia

508767605Analyzed
1v1 RM · 9d ago on Sep 24, 2026· 49m 28s· 2 players
Game mode
Random Map
Map size
Tiny (2 player)
Population
200
Speed
Normal
Resources
Standard
Victory
Conquest
Starting age
Dark Age
Ending age
Imperial Age
RankedLock teamsTeams togetherTeam positionsShared explorationLock speedFull tech treeHidden civsTurbo modeCheats
Victory
Defeat
🇮🇳 Lithuanians · India
1168
+17
🇺🇸 Saxons · United States
1200
-17
Infadel
7:29 Loom
9:35 Feudal Age
10:08 Double-Bit Axe
21:51 Castle Age
23:30 Bow Saw
24:36 Crossbowman
27:33 Town Watch
28:24 Wheelbarrow
28:48 Fletching
29:00 Padded Archer Armor
30:10 Man-at-Arms
31:33 Scale Mail Armor
32:21 Forging
34:24 Iron Casting
33:28 Long Swordsman
36:09 Gold Mining
36:09 Stone Mining
37:36 Scale Barding Armor
37:46 Chain Mail Armor
38:07 Hand Cart
39:25 Stone Shaft Mining
44:44 Imperial Age
43:33 Bodkin Arrow
43:59 Chain Barding Armor
44:53 Two-Handed Swordsman
48:17 Horse Collar
Lab x Vulture
6:31 Loom
9:10 Feudal Age
9:59 Double-Bit Axe
10:00 Horse Collar
10:41 Man-at-Arms
14:44 Fletching
17:02 Scale Mail Armor
23:18 Castle Age
22:31 Forging
31:46 Gambesons
34:11 Chain Mail Armor
35:43 Town Watch
42:49 Wheelbarrow
Connection lost

Rejoining the realm…

Still unreachable

The connection could not be restored.

Session expired

The server has moved on; the page needs a fresh start.